AoeStats
← RodentDogsRCool

Arabia

505564582Analyzed
1v1 RM · 23d ago on Sep 10, 2026· 27m 46s· 2 players
Game mode
Random Map
Map size
Tiny (2 player)
Population
200
Speed
Normal
Resources
Standard
Victory
Conquest
Starting age
Dark Age
Ending age
Imperial Age
RankedLock teamsTeams togetherTeam positionsShared explorationLock speedFull tech treeHidden civsTurbo modeCheats
Victory
Defeat
🇺🇸 Maya · United States
996
+16
🇺🇸 Persians · United States
986
-16
RodentDogsRCool
7:56 Loom
8:58 Loom
11:29 Feudal Age
14:26 Wheelbarrow
22:03 Castle Age
20:09 Fletching
21:32 Padded Archer Armor
22:10 Elite Skirmisher
23:21 Bodkin Arrow
27:02 Bloodlines
27:51 Double-Bit Axe
alejtb
0:29 Loom
9:14 Feudal Age
11:48 Fletching
22:23 Castle Age
21:13 Double-Bit Axe
21:10 Horse Collar
23:16 Bodkin Arrow
22:43 Crossbowman
24:19 Eagle Warrior
25:04 Scale Mail Armor
26:01 Squires
Connection lost

Rejoining the realm…

Still unreachable

The connection could not be restored.

Session expired

The server has moved on; the page needs a fresh start.